 Dungeon Crawl Stone Soup version 0.19.0-20-gbc5f0c6 (webtiles) character file.

194 dobroeutro the Skirmisher (level 5, 0/34 HPs)
             Began as a Gargoyle Fighter on Nov 17, 2016.
             Slain by a river rat (1 damage)
             ... in a sewer.
             The game lasted 00:03:21 (2125 turns).

dobroeutro the Skirmisher (Gargoyle Fighter)        Turns: 2125, Time: 00:03:22

Health: 0/34       AC: 21    Str: 20    XL:     5   Next: 73%
Magic:  5/5        EV:  7    Int:  8    God:
Gold:   171        SH:  9    Dex: 10    Spells: 0 memorised, 4 levels left

rFire  + . .     SeeInvis .     u - +0 mace (protect)
rCold  + . .     Gourm    .     b - +0 scale mail
rNeg   + . .     Faith    .     c - +0 shield
rPois  ∞         Spirit   .     (no helmet)
rElec  +         Reflect  .     t - +0 cloak
rCorr  +         Harm     .     q - +1 pair of gloves
MR     .....                    (no boots)
Stlth  ..........               (no amulet)
                                (no ring)
                                (no ring)

@: resistant, protection aura
A: negative energy resistance 1, electricity resistance, unbreathing,
petrification resistance, rot immunity, AC +4
a: no special abilities


You were in a sewer.
You were hungry.

You visited 1 branch of the dungeon, and saw 4 of its levels.
You also visited: Sewer.

You collected 171 gold pieces.

Inventory:

Hand Weapons
 a - a +0 flail
 u - a +0 mace of protection (weapon)
Armour
 b - a +0 scale mail (worn)
 c - a +0 shield (worn)
 q - a +1 pair of gloves (worn)
 t - a +0 cloak (worn)
Scrolls
 i - 3 scrolls of identify
 j - 3 scrolls of teleportation
 l - 2 scrolls of remove curse
 n - a scroll of random uselessness
 p - a scroll of amnesia {unknown}
 s - a scroll of noise {unknown}
Potions
 d - a potion of might
 e - a potion of cancellation
 k - a potion of magic
Comestibles
 f - 2 bread rations
 h - a meat ration
 m - 7 fruits
 r - a beef jerky


   Skills:
 + Level 4.3 Fighting
 * Level 4.1 Maces & Flails
 + Level 4.0 Armour
 + Level 1.4 Dodging
 - Level 3.2 Shields


You had 4 spell levels left.
You didn't know any spells.

Dungeon Overview and Level Annotations

Branches:
Dungeon (4/15)
 Temple: D:4-7

Altars:


Innate Abilities, Weirdness & Mutations

You are resistant to torment.
Your stone body is resilient. (AC +4)
You are immune to poison.
You resist negative energy. (rN+)
You are resistant to electric shocks. (rElec)
You can survive without breathing.
You are immune to petrification.
You are immune to rotting.


Message History

* * * LOW HITPOINT WARNING * * *
The river rat bites you.
* * * LOW HITPOINT WARNING * * *
It was a potion of resistance.
You feel protected. The rat bites you but does no damage.
The river rat barely misses you.
Your shield and scale mail prevent you from hitting the rat.
The rat bites you but does no damage. The river rat barely misses you.
You block the rat's attack. The river rat bites you.
* * * LOW HITPOINT WARNING * * *
You barely miss the river rat.
The river rat is lightly wounded.
The rat bites you but does no damage.
The rat twitches its whiskers.
The river rat bites you but does no damage.
You sock the rat!
Your weapon exudes an aura of protection.
You kill the rat!
The river rat bites you.
You die... ################ ≈≈...rr@r.∩....# ################

You could see a river rat and 2 rats.

Vanquished Creatures
  Crazy Yiuf (D:3)
  A bullfrog skeleton (D:4)
  Natasha (D:2)
  4 adders
  An ooze (D:3)
  2 worms (D:3)
  2 dart slugs (D:1)
  2 leopard geckos
  5 orcs (D:3)
  4 giant cockroaches
  6 goblins
  3 hobgoblins
  A quokka (D:4)
  A ball python (D:3)
  8 bats
  4 frilled lizards
  6 kobolds
  10 rats
62 creatures vanquished.

Notes
Turn   | Place    | Note
-------+----------+-------------------------------------------
     0 | D:1      | dobroeutro the Gargoyle Fighter began the quest for the Orb.
     0 | D:1      | Reached XP level 1. HP: 14/14 MP: 1/1
    71 | D:1      | Reached XP level 2. HP: 19/19 MP: 2/2
   323 | D:1      | Reached XP level 3. HP: 17/23 MP: 3/3
  1146 | D:3      | Reached XP level 4. HP: 29/29 MP: 4/4
  1180 | D:3      | Noticed Natasha
  1219 | D:2      | Killed Natasha
  1219 | D:2      | Reached skill level 1 in Dodging
  1701 | D:3      | Found a runed door.
  1916 | D:3      | Reached XP level 5. HP: 33/33 MP: 5/5
  1949 | D:3      | Noticed Crazy Yiuf
  1959 | D:3      | Killed Crazy Yiuf
  2097 | D:4      | Found a glowing drain.
  2102 | Sewer    | Entered a sewer
  2123 | Sewer    | HP: 1/34 [river rat (4)]
  2125 | Sewer    | Slain by a river rat

Skill      XL: |  1  2  3  4  5 |
---------------+----------------+-----
Maces & Flails | 3 4 |  4.1
Dodging        | 1 |  1.4
Fighting       | 4 |  4.3
Armour         | 4 |  4.0
Shields        | |  3.2

Action                   |  1- 3 |  4- 6 || total
-------------------------+-------+-------++-------
Melee: Flail             |   103 |    92 ||   195
       Mace              |       |    53 ||    53
  Use: Potion            |       |     4 ||     4
       Scroll            |       |     5 ||     5
  Eat: Chunk             |       |     4 ||     4
Armor: Scale mail        |    55 |    88 ||   143
Dodge: Dodged            |    41 |    43 ||    84
Block: Shield            |    57 |    79 ||   136
